 Dungeon Sprint DCSS version 0.29-a0-321-gf1c400731a (webtiles) character file.

Game seed: 16472381447912813140

4402 mhtbhm the Severer (level 10, -7/160 HPs)
             Began as a Minotaur Berserker on Apr 3, 2022.
             Was a High Priest of Trog.
             Succumbed to a cane toad's poison
             ... in the Dungeon (Sprint III: "The Ten Rune Challenge").
             The game lasted 00:03:26 (1906 turns).

mhtbhm the Severer (Minotaur Berserker)             Turns: 1906, Time: 00:03:27

Health: -7/160     AC:  8    Str: 26    XL:     10   Next: 13%
Magic:  9/9        EV: 14    Int:  4    God:    Trog [*****.]
Gold:   35         SH:  0    Dex: 10    Spells: 9/9 levels left

rFire   + . .      SeeInvis +   a - +3 executioner's axe (flame)
rCold   . . .      Faith    .   (shield currently unavailable)
rNeg    . . .      Spirit   .   b - +0 ring mail
rPois   .          Reflect  .   (helmet unavailable)
rElec   .          Harm     .   k - +0 cloak
rCorr   .          Rampage  .   (no gloves)
Will    .....      NoTele   +   (no boots)
Stlth   ..........              (no amulet)
HPRegen 0.36/turn               j - ring of protection from fire
MPRegen 0.11/turn               (no ring)

@: berserking (expiring), lethally poisoned (-7 -> -44), slow
A: horns 3, retaliatory headbutt, fangs 1, see invisible
a: Renounce Religion, Berserk, Trog's Hand, Brothers in Arms


You were in the Dungeon.
You worshipped Trog.
Trog was extremely pleased with you.
You visited 1 branch You collected 35 gold pieces.

Inventory:

Hand Weapons
 a - a +3 executioner's axe of flaming (weapon)
Missiles
 i - 4 atropa-tipped darts (quivered)
Armour
 b - a +0 ring mail (worn)
 k - a +0 cloak (worn)
Jewellery
 j - a ring of protection from fire (left hand)
Scrolls
 h - a scroll of blinking
 l - 2 scrolls of immolation {unknown}
 m - 3 scrolls of identify
 o - a scroll of torment {unknown}
Potions
 c - 2 potions of curing
 d - a potion of heal wounds
 e - a potion of haste
 f - 2 potions of magic
 g - a potion of berserk rage
 n - 2 potions of flight
 p - 2 potions of attraction {unknown}
 q - 3 potions of mutation
Miscellaneous
 r - a box of beasts


   Skills:
 + Level 15.8 Fighting
 + Level 17.3 Axes
 + Level 4.8 Throwing
 + Level 10.4 Armour
 + Level 11.1 Dodging
 - Level 1.8 Stealth


You had 9 spell levels left.
You didn't know any spells.
Your spell library was empty.

Dungeon Overview and Level Annotations

Branches:
Dungeon (1/1)

Altars:
Cheibriados
Dithmenos
Elyvilon
Fedhas
Gozag
Hepliaklqana
Kikubaaqudgha
Makhleb
Nemelex Xobeh
Okawaru
Qazlal
Ru
Sif Muna
Trog
Uskayaw
Vehumet
Wu Jian
Xom
Yredelemnul
Zin
The Shining One
Beogh
Jiyva
Lugonu


Innate Abilities, Weirdness & Mutations

You have a pair of large horns on your head.
You reflexively headbutt those who attack you in melee.
You have very sharp teeth.
You have supernaturally acute eyesight. (SInv)


Message History

Your unstable footing causes you to fumble your attack.
You feel very sick. The cane toad stings you!
Your unstable footing causes you to fumble your attack.
You feel sick. The cane toad stings you!!
You are more poisoned.
The cane toad poisons you!
You closely miss the cane toad. You headbutt the cane toad!
Your bite misses the cane toad.
The cane toad is heavily wounded.
You feel very sick. The cane toad completely misses you.
You hit the cane toad but do no damage. You headbutt the cane toad!
The cane toad is almost dead.
You feel very sick.
Your unstable footing causes you to fumble your attack.
You feel very sick. The cane toad stings you!
* * * LOW HITPOINT WARNING * * *
You are more poisoned.
The cane toad poisons you!
Your unstable footing causes you to fumble your attack.
* * * LOW HITPOINT WARNING * * *
You feel extremely sick. The cane toad stings you!!
* * * LOW HITPOINT WARNING * * *
You are more poisoned.
The cane toad poisons you!
You slash the cane toad! You burn the cane toad.
You kill the cane toad!
Trog accepts your kill.
* * * LOW HITPOINT WARNING * * *
You feel extremely sick.
Unknown command.
There is a lethal amount of poison in your body!
* * * LOW HITPOINT WARNING * * *
You feel extremely sick.
Unknown command.
You feel a strong urge to attack something.
You die...

).###...'.⌠........#
.####...#...######'#
.###....#.⌠.#__#...#+############
.##.....#...#__#...#..≈≈≈'.#.'...
.#.)....#'###__#...#.#§§§#.#.#.).
#.#.....#.):#__#...'.#§§§#.#.#)).
####....#___#__'...#.#§..#...#...
▓▓▓▓▓▓▓▓▓▓▓▓▓▓▓▓▓▓▓▓▓▓▓▓▓▓▓▓▓▓
♣@≈≈........≈≈≈...
♣†♣≈≈≈≈≈≈≈≈≈≈≈≈♣♣P.
.≈♣♣♣♣♣♣♣♣♣♣♣♣♣♣♣♣PP #.. ♣♣♣ ##


There were no monsters in sight!

Vanquished Creatures
  Snorg (D)
  A centaur warrior (D)
  A deep elf pyromancer (D)
  An unseen horror (D)
  2 cane toads (D)
  A komodo dragon (D)
  A shadow (D)
  A spatial vortex (D)
  3 wandering mushrooms (D)
  2 centaurs (D)
  An earth elemental (D)
  A necrophage (D)
  A water elemental (D)
  A jelly (D)
  Crazy Yiuf (D)
  A wizard (D)
  Jessica (D)
  A necromancer (D)
  3 humans (D)
  A kobold demonologist (D)
  3 rats (D)
29 creatures vanquished.

Notes
Turn   | Place    | Note
-------+----------+-------------------------------------------
     0 | D        | mhtbhm the Minotaur Berserker began the quest for the Orb.
     0 | D        | Reached XP level 1. HP: 19/19 MP: 0/0
    11 | D        | Reached skill level 4 in Axes
    46 | D        | Reached ** piety under Trog
    51 | D        | Noticed Jessica
    54 | D        | Killed Jessica
    55 | D        | Reached skill level 5 in Fighting
    55 | D        | Reached skill level 5 in Axes
    55 | D        | Reached XP level 2. HP: 30/30 MP: 1/1
   128 | D        | Reached skill level 6 in Axes
   128 | D        | Reached XP level 3. HP: 17/37 MP: 2/2
   333 | D        | Noticed Crazy Yiuf
   337 | D        | Killed Crazy Yiuf
   338 | D        | Reached skill level 7 in Axes
   338 | D        | Reached XP level 4. HP: 42/47 MP: 3/3
   378 | D        | Gained mutation: You have sharp fingernails. [potion of
                  | mutation]
   379 | D        | Lost mutation: You have sharp fingernails. [potion of
                  | mutation]
   379 | D        | Gained mutation: You have very sharp teeth. [potion of
                  | mutation]
   379 | D        | Gained mutation: You have a pair of large horns on your
                  | head. [potion of mutation]
   379 | D        | Gained mutation: You have supernaturally acute eyesight.
                  | (SInv) [potion of mutation]
   555 | D        | Noticed a water elemental
   560 | D        | Killed a water elemental
   561 | D        | Reached skill level 8 in Axes
   611 | D        | Found a basalt altar of Yredelemnul.
   611 | D        | Found a shadowy altar of Dithmenos.
   611 | D        | Found a sacrificial altar of Ru.
   611 | D        | Noticed a necrophage
   613 | D        | Reached *** piety under Trog
   614 | D        | Reached XP level 5. HP: 49/56 MP: 4/4
   618 | D        | Reached skill level 9 in Axes
   618 | D        | Reached skill level 1 in Throwing
   668 | D        | Found a radiant altar of Vehumet.
   668 | D        | Found a shimmering blue altar of Sif Muna.
   668 | D        | Found an ancient bone altar of Kikubaaqudgha.
   670 | D        | Noticed a smoke demon
   673 | D        | Reached **** piety under Trog
   674 | D        | Reached skill level 5 in Armour
   674 | D        | Reached skill level 5 in Dodging
   674 | D        | Reached skill level 1 in Stealth
   681 | D        | Reached skill level 10 in Axes
   719 | D        | Found a glowing silver altar of Zin.
   719 | D        | Found a glowing golden altar of the Shining One.
   719 | D        | Found a white marble altar of Elyvilon.
   720 | D        | Noticed a deep elf pyromancer
   723 | D        | Killed a deep elf pyromancer
   724 | D        | Reached skill level 12 in Axes
   724 | D        | Reached XP level 6. HP: 70/70 MP: 5/5
   724 | D        | Reached XP level 7. HP: 75/75 MP: 6/6
   756 | D        | Found a hide-covered altar of Uskayaw.
   756 | D        | Found an iron altar of Okawaru.
   756 | D        | Found a bloodstained altar of Trog.
   756 | D        | Found an ornate altar of the Wu Jian Council.
   756 | D        | Noticed a human
   756 | D        | Noticed a human
   768 | D        | Killed a human
   773 | D        | Killed a human
   774 | D        | Reached skill level 13 in Axes
   992 | D        | Noticed a shadow
   997 | D        | Killed a shadow
   997 | D        | Reached ***** piety under Trog
   998 | D        | Reached XP level 8. HP: 62/85 MP: 7/7
  1094 | D        | Found a blossoming altar of Fedhas.
  1094 | D        | Found a stormy altar of Qazlal.
  1094 | D        | Found a snail-covered altar of Cheibriados.
  1094 | D        | Found a burning altar of Makhleb.
  1094 | D        | Found a shimmering altar of Xom.
  1095 | D        | Found a hazy altar of Hepliaklqana.
  1095 | D        | Found an opulent altar of Gozag.
  1095 | D        | Found a sparkling altar of Nemelex Xobeh.
  1095 | D        | Found a corrupted altar of Lugonu.
  1095 | D        | Found a viscous altar of Jiyva.
  1106 | D        | Received a gift from Trog
  1185 | D        | Noticed Snorg
  1201 | D        | Killed Snorg
  1202 | D        | Reached skill level 14 in Axes
  1541 | D        | Reached XP level 9. HP: 70/95 MP: 8/8
  1643 | D        | Noticed a centaur warrior
  1647 | D        | Reached skill level 15 in Axes
  1650 | D        | Killed a centaur warrior
  1651 | D        | Reached skill level 10 in Dodging
  1800 | D        | Noticed an unseen horror
  1802 | D        | Killed an unseen horror
  1803 | D        | Reached skill level 15 in Fighting
  1803 | D        | Reached skill level 16 in Axes
  1821 | D        | Noticed a wandering mushroom
  1825 | D        | Noticed a wandering mushroom
  1827 | D        | Noticed a wandering mushroom
  1844 | D        | Killed a wandering mushroom
  1847 | D        | Killed a wandering mushroom
  1889 | D        | Noticed a cane toad
  1889 | D        | Noticed a komodo dragon
  1889 | D        | Noticed a cane toad
  1892 | D        | Killed a cane toad
  1892 | D        | Received a gift from Trog
  1893 | D        | Reached skill level 10 in Armour
  1895 | D        | Killed a komodo dragon
  1896 | D        | Reached skill level 17 in Axes
  1896 | D        | Reached XP level 10. HP: 107/107 MP: 9/9
  1904 | D        | Killed a cane toad
  1905 | D        | HP: 2/160 [poisoned by a cane toad]
  1906 | D        | Succumbed to a cane toad's poison

Illustrated notes

Levels and vault maps discovered:
D:        dungeon_sprint_mu [sprint_mu_entry_cave, sprint_mu_temple_rooms,
          sprint_mu_d1_horrors, sprint_mu_d2_genie, sprint_mu_d3_branching,
          sprint_mu_orc_legion, sprint_mu_elf_gauntlet, sprint_mu_hive_nellie,
          sprint_mu_lair_fedhas, sprint_mu_vaults_butterflies,
          sprint_mu_slime_circle, sprint_mu_swamp_cave, sprint_mu_snake_twists,
          sprint_mu_blade_basic, sprint_mu_crypt_chambers,
          sprint_mu_tomb_spiral, sprint_mu_vestibule_basic,
          sprint_mu_gehenna_hellfire, sprint_mu_dis_giant,
          sprint_mu_tartarus_statrot, sprint_mu_cocytus_islands, sprint_mu_zot1]

Skill      XL: |  1  2  3  4  5  6  7  8  9 |
---------------+----------------------------+-----
Fighting       | 5 6 7 8 11 12 14 15 | 15.8
Axes           | 5 6 7 8 12 13 14 17 | 17.3
Armour         | 3 4 6 8 10 | 10.4
Dodging        | 3 4 7 8 9 11 | 11.1
Throwing       | 1 2 3 4 |  4.8
Stealth        | 1 |  1.8

Action                   |  1- 3 |  4- 6 |  7- 9 | 10-12 || total
-------------------------+-------+-------+-------+-------++-------
Melee: Hand axe          |    16 |    21 |    25 |       ||    62
       Headbutt          |     2 |     4 |    16 |     2 ||    24
       Bite              |       |     4 |     6 |       ||    10
       Executioner's axe |       |       |    32 |     9 ||    41
Throw: Dart              |     3 |       |     5 |       ||     8
Invok: Berserk           |     3 |     3 |     3 |       ||     9
  Use: Potion            |       |     2 |       |       ||     2
Armor: Animal skin       |     1 |     1 |       |       ||     2
       Ring mail         |       |       |    16 |       ||    16
Dodge: Dodged            |     9 |     7 |    48 |     2 ||    66

Table legend: (Time is in decaauts)
 A = Elapsed time spent in this place.
 B = Non-inter-level travel time spent in this place.
 C = Inter-level travel time spent in this place.
 D = Time resting spent in this place.
 E = Time spent auto-exploring this place.
 F = Levels seen in this place.
 G = Mean time per level.
                   A        B        C        D        E       F      G
               +--------+--------+--------+--------+--------+-----+--------+
         Total |   1979 |   1979 |      0 |   1503 |     27 |   1 | 1979.0 |
       Dungeon |   1979 |   1979 |      0 |   1503 |     27 |   1 | 1979.0 |
               +--------+--------+--------+--------+--------+-----+--------+

Top non-repeatable levels by time:
       D: 1979 daAuts
